 Dungeon Crawl Stone Soup version 0.24.1 (console) character file.

Game seed: 6913304845702270793, levelgen mode: deterministic

547488 OTRawrior the Slayer (level 24, -5/289 (291) HPs)
             Began as a Minotaur Berserker on Mar 29, 2020.
             Was a High Priest of Trog.
             Slain by an Orb Guardian (26 damage)
             ... on level 5 of the Realm of Zot on Mar 31, 2020.
             The game lasted 03:53:54 (66983 turns).

OTRawrior the Slayer (Minotaur Berserker)          Turns: 66983, Time: 03:53:55

HP:   -5/289 (291)  AC: 41    Str: 32    XL:     24   Next: 94%
MP:   0/28          EV: 21    Int:  5    God:    Trog [*****.]
Gold: 5397          SH: 25    Dex: 14    Spells: 23/23 levels left

rFire    + + .     SeeInvis .   k - +9 eveningstar (drain)
rCold    + + +     Gourm    .   V - +3 shield {rC+}
rNeg     . . .     Faith    .   K - +7 plate armour of the Lich-sworn {rElec MR++ Dex-4}
rPois    .         Spirit   +   (helmet unavailable)
rElec    +         Reflect  .   W - +2 cloak {MR+}
rCorr    .         Harm     .   m - +2 pair of gloves
MR       +++++                  u - +2 pair of boots
Stlth    ..........             p - amulet of guardian spirit
HPRegen  1.58/turn              F - ring of the Prince of Darkness {rF+ rC+ MR+}
MPRegen  0.21/turn              P - ring "Efiaxif" {rF+ rC+}

@: berserking, starving, regenerating, hasted, very quick
A: retaliatory headbutt, horns 3, large bone plates 1, thin metallic scales 1,
agile 1, frail 2
}: 3/15 runes: decaying, silver, gossamer
a: Berserk, Trog's Hand, Brothers in Arms, Renounce Religion


You were on level 5 of the Realm of Zot.
You worshipped Trog.
Trog was extremely pleased with you.
You were starving.

You visited 9 branches of the dungeon, and saw 47 of its levels.
You also visited: Gauntlet, Ice Cave and Volcano.

You collected 7736 gold pieces.
You spent 2339 gold pieces at shops.

Inventory:

Hand Weapons
 k - a +9 eveningstar of draining (weapon)
 s - a +9 antimagic demon whip
 v - a +3 demon whip of venom
 Z - a +3 demon whip of electrocution
Armour
 m - a +2 pair of gloves (worn)
 t - the +5 scale mail of Tulips {rF+ Str+3}
   (You found it on level 3 of the Lair of Beasts)

   It affects your strength (+3).
   It protects you from fire.
 u - a +2 pair of boots (worn)
 K - the +7 plate armour of the Lich-sworn (worn) {rElec MR++ Dex-4}
   (You bought it in a shop on level 15 of the Dungeon)

   It affects your dexterity (-4).
   It insulates you from electricity.
   It affects your resistance to hostile enchantments.
 N - a +3 buckler of fire resistance
 V - a +3 shield of cold resistance (worn)
 W - a +2 cloak of magic resistance (worn)
Jewellery
 p - an amulet of guardian spirit (around neck)
 r - an uncursed ring of protection from fire
 w - an uncursed amulet of the acrobat
 y - an uncursed ring of protection from fire
 z - the ring of Weuval {Str+4 SInv}
   (You found it on level 5 of the Vaults)

   [ring of strength]

   It affects your strength (+4).
   It lets you see invisible.
 F - the ring of the Prince of Darkness (left hand) {rF+ rC+ MR+}
   (You took it off a frost giant on level 4 of the Vaults)

   [ring of protection from magic]

   It protects you from fire.
   It protects you from cold.
   It affects your resistance to hostile enchantments.
 P - the ring "Efiaxif" (right hand) {rF+ rC+}
   (You found it in a Gauntlet)

   [ring of protection from cold]

   It protects you from fire.
   It protects you from cold.
 R - an uncursed ring of poison resistance
 Y - an uncursed ring of flight
Wands
 i - a wand of digging (19)
 A - a wand of polymorph (6)
 I - a wand of iceblast (8)
 J - a wand of disintegration (17)
 M - a wand of acid (9)
 U - a wand of paralysis (49)
Scrolls
 b - 7 scrolls of fear
 d - 4 scrolls of magic mapping
 g - 5 scrolls of blinking
 j - 28 scrolls of identify
 l - 19 scrolls of remove curse
 n - 15 scrolls of immolation
 q - 23 scrolls of teleportation
 x - 8 scrolls of fog
 B - 2 scrolls of enchant weapon
 G - 2 scrolls of summoning
Potions
 a - 8 potions of might
 e - 11 potions of agility
 f - 5 potions of ambrosia
 h - 16 potions of curing
 o - a potion of cancellation
 C - 8 potions of haste
 E - 5 potions of flight
 H - 3 potions of heal wounds
 L - 4 potions of brilliance
 Q - 2 potions of magic
 S - 2 potions of invisibility
 X - a potion of resistance
Comestibles
 c - 64 rations


   Skills:
 * Level 25.5 Fighting
 - Level 19.0 Maces & Flails
 + Level 22.8 Armour
 + Level 21.3 Dodging
 - Level 22.0 Shields
 - Level 8.4 Evocations


You had 23 spell levels left.
You didn't know any spells.
Your spell library was empty.

Dungeon Overview and Level Annotations

Branches:
Dungeon (15/15)            Temple (0/1) D:6            Lair (6/6) D:9
  Swamp (4/4) Lair:2       Spider (4/4) Lair:3        Slime (0/5) Lair:5
    Orc (2/2) D:12            Elf (0/3) Orc:2        Vaults (5/5) D:14
  Crypt (1/3) Vaults:3     Depths (5/5) D:15            Zot (5/5) Depths:5
  IceCv (visited)         Volcano (visited)         Gauntlet (visited)

Altars:
Cheibriados
Gozag
Kikubaaqudgha
Nemelex Xobeh
Okawaru
Qazlal
Ru
Sif Muna
Uskayaw
Vehumet
Xom
Yredelemnul
Zin
Beogh

Shops:
D:8 :   D:15 **}[*   Orc:1 *   Orc:2 }*[(   Vaults:3 (   Vaults:5 (%??
Depths:1 (*

Portals:
Hell: Depths:1 Depths:2 Depths:3 Depths:5
Abyss: Depths:4 Depths:5
Pandemonium: Depths:1
Ziggurat: Depths:4

Annotations:
D:4 1 transporter
D:14 exclusion: orange crystal statue
Spider:3 Roxanne
Zot:2 2 transporters, exclusion: orange crystal statue


Innate Abilities, Weirdness & Mutations

You reflexively headbutt those who attack you in melee.
You have a pair of large horns on your head.
You are partially covered in large bone plates. (SH +4)
You are partially covered in thin metallic scales. (AC +2)
You are agile. (Dex +2)
You are very frail. (-20% HP)


Message History

The Orb Guardian is moderately wounded.
You block the Orb Guardian's attack.
A red film seems to cover your vision as you go berserk!
You feel yourself moving faster!
You feel mighty!
You are starving!
The Orb Guardian hits you!!!
* * * LOW HITPOINT WARNING * * *
Your deep troll bites the orb of fire but does no damage.
Your deep troll claws the orb of fire.
Your deep troll barely misses the orb of fire.
You puncture the Orb Guardian!
The Orb Guardian is heavily wounded.
The Orb Guardian hits you!!!
* * * LOW HITPOINT WARNING * * *
Your deep troll misses the orb of fire.
Your deep troll claws the orb of fire! x2
Unknown command.
You barely miss the Orb Guardian.
The Orb Guardian is heavily wounded.
The Orb Guardian hits you!!
You die...

#...........# ##...........##
#.............# ##.............##
#........*......#
########▓▓▓▓########.########▓▓▓▓
.......#.))#.....##.*# ##....
....)#...#.#.....##*## ##.....
.##)##..##......@X*X# ##......
##.<.##.##⌠...#..T.## #.......
#.....######.###....## ##'##....
.......#...#####.....# #...#....
.......#.<....####...# ##.⌠......
.......#........##...# #...###...
.......#####....^#######...# ####
.......# ###............## ##
#.....## ####....⌠....## ##<


You could see 2 orbs of fire, 2 Orb Guardians and a friendly deep troll
(berserk).

Vanquished Creatures
  An orb of fire (Zot:1)
  4 ancient liches
  A juggernaut (Depths:2)
  Mennas (Vaults:2)
  Boris (Depths:4)
  A Killer Klown (Zot:1)
  Bai Suzhen (Spider:3)
  Xtahua (Vaults:4)
  Nikola (Spider:4)
  6 golden dragons
  A bone dragon (Zot:1)
  Arachne (Spider:3)
  5 liches
  15 tentacled monstrosities
  Rupert (Lair:3)
  Asterion (Depths:3)
  7 Orb Guardians (Zot:5)
  6 titans
  3 quicksilver dragons
  Frances (Spider:1)
  4 death cobs
  5 shadow dragons
  4 sphinxes
  Agnes (D:14)
  A thorn hunter (Swamp:2)
  3 tengu reavers
  8 storm dragons
  7 draconian monks
  An azure jelly (Swamp:4)
  3 fire giants
  4 deep elf sorcerers
  18 vault wardens
  8 ghost moths
  5 iron dragons
  A draconian scorcher (Zot:3)
  A balrug (Depths:3)
  7 frost giants
  A deep elf elementalist (Vaults:4)
  2 draconian knights
  6 emperor scorpions
  Aizul (Swamp:1)
  A draconian shifter (Zot:2)
  A ghoul (Vaults:3)
  3 draconian stormcallers
  21 ironheart preservers
  7 draconian annihilators
  2 very ugly things
  12 stone giants
  2 war gargoyles (Vaults:4)
  6 green draconians
  2 entropy weavers
  The ghost of Arnot the Severer, a journeyman MiBe of Trog (Spider:2)
  14 black draconians
  11 deep elf annihilators
  3 deep elf demonologists
  The ghost of Nebesus the Grappler, a journeyman DrTm of Wu Jian (Lair:5)
  6 yellow draconians
  5 dire elephants (Lair:6)
  4 purple draconians
  3 spark wasps
  9 red draconians
  6 white draconians
  A minotaur (Gauntlet)
  A deep elf death mage (Vaults:2)
  Josephine (D:15)
  3 jiangshi (Depths:5)
  9 ettins
  7 statues (Depths:4)
  8 fire dragons
  Erolcha (D:10)
  14 hydras
  A deep elf high priest (Vaults:4)
  Fannar (D:10)
  11 yaktaur captains
  4 rakshasas
  4 great orbs of eyes
  A great orb of eyes (shapeshifter) (Depths:4)
  23 ice dragons
  The ghost of Blackmass the Geomancer, a journeyman GrEE of Gozag (D:11)
  28 vault guards
  8 centaur warriors
  A ghost crab (Swamp:2)
  4 spriggan air magi
  2 anacondas
  3 shambling mangroves
  13 ogre magi
  39 two-headed ogres
  7 deep troll shamans
  11 deep troll earth magi
  6 alligators
  3 death knights
  2 queen ants
  A death scarab (Gauntlet)
  9 tengu warriors
  4 death yaks
  A hell knight (Vaults:4)
  2 vampire magi
  2 sun demons (Depths:3)
  Nergalle (D:10)
  11 deep elf knights
  3 spriggan berserkers
  2 skeletal warriors
  2 shadow wraiths
  5 unseen horrors
  35 deep trolls
  2 death drakes (Depths:5)
  An entropy weaver zombie (Vaults:2)
  5 deep elf archers
  2 swamp dragons (Swamp:3)
  6 iron trolls
  A deep troll (shapeshifter) (Vaults:4)
  A spectral hydra (Gauntlet)
  5 glowing orange brains
  A flayed ghost (Vaults:4)
  A spriggan druid (Swamp:4)
  4 phantasmal warriors
  5 wizards
  9 ironbrand convokers
  2 lindwurms (Depths:5)
  6 necromancers
  6 harpies
  A wolf spider zombie (D:14)
  25 wolf spiders
  18 orc knights
  A stone giant zombie (Vaults:2)
  2 fire giant zombies
  5 cyclopes
  8 orb spiders
  14 deep elf magi
  A sphinx skeleton (Vaults:4)
  A shadow dragon skeleton (Vaults:4)
  3 orc sorcerers
  27 ugly things
  A manticore (D:14)
  A moth of wrath (shapeshifter) (Vaults:4)
  25 moths of wrath
  A salamander (Volcano)
  9 elephants
  3 black mambas
  Joseph (D:7)
  14 vault sentinels
  A frost giant skeleton (Depths:1)
  Maurice (D:13)
  3 centaur zombies
  2 water nymphs (shapeshifter)
  12 spiny frogs
  3 torpor snails
  2 rime drakes (shapeshifter) (Vaults:4)
  6 komodo dragons
  A komodo dragon (shapeshifter) (Vaults:3)
  2 kobold demonologists
  9 freezing wraiths
  9 demonic crawlers
  3 rime drakes
  6 tengu conjurers
  58 yaktaurs
  A yaktaur (shapeshifter) (Vaults:4)
  11 trolls
  20 jumping spiders
  A guardian mummy (Zot:1)
  A merfolk (shapeshifter) (Vaults:4)
  2 queen bees (shapeshifter)
  2 polar bears (shapeshifter)
  2 trolls (shapeshifter)
  8 tyrant leeches
  A wind drake (shapeshifter) (Depths:2)
  9 hornets
  3 polar bears
  A snapping turtle (shapeshifter) (Vaults:4)
  40 slime creatures
  10 bog bodies
  A raiju (shapeshifter) (Depths:5)
  A hornet (shapeshifter) (D:15)
  A fire giant simulacrum (Vaults:2)
  13 blink frogs
  A frost giant simulacrum (Vaults:2)
  11 hippogriffs
  86 redbacks
  A deep troll skeleton (Depths:1)
  2 spriggans
  3 shadows
  4 water elementals
  32 yaks
  20 tarantellas
  4 wyverns
  7 wraiths
  19 humans (D:14)
  2 fire bats (Volcano)
  8 basilisks
  A steam dragon (D:9)
  3 swamp worm simulacra (Swamp:4)
  24 vampire mosquitoes
  3 wargs
  15 insubstantial wisps
  An acid dragon (D:12)
  19 soldier ants
  Duvessa (D:5)
  12 hydra simulacra (Swamp:4)
  12 swamp worms
  2 hell hounds (Volcano)
  11 water moccasins
  8 porcupines
  A black bear (shapeshifter) (Vaults:3)
  60 orc warriors
  5 swamp drakes
  2 hornet zombies (D:15)
  18 ice beasts
  An eye of draining (shapeshifter) (D:14)
  A fire dragon simulacrum (Depths:1)
  6 sky beasts
  A necrophage (D:9)
  2 phantoms
  An ogre (shapeshifter) (Vaults:3)
  An ettin simulacrum (Vaults:1)
  An orc zombie (Vaults:2)
  7 wolves
  16 boggarts
  32 ogres
  25 centaurs
  3 human skeletons
  19 crocodiles
  5 big kobolds
  16 bullfrogs
  Blork the orc (D:6)
  4 earth elementals
  3 gnoll sergeants
  Dowan (D:5)
  A wyvern zombie (D:12)
  A deep troll simulacrum (Vaults:2)
  A wyvern skeleton (D:9)
  9 scorpions
  3 human simulacra
  An orc simulacrum (Vaults:1)
  6 killer bees
  11 wights
  2 electric eels (Spider:4)
  9 crimson imps
  2 howler monkeys (D:8)
  4 hounds
  4 bullfrog zombies
  26 orc wizards
  19 orc priests
  Crazy Yiuf (D:7)
  5 centaur skeletons
  6 jellies
  3 bullfrog skeletons
  An iguana (D:5)
  24 worker ants
  A howler monkey skeleton (D:5)
  A worker ant zombie (D:8)
  16 adders
  20 gnolls
  A hound simulacrum (D:9)
  4 shadow imps
  4 white imps (D:9)
  A worker ant simulacrum (D:9)
  3 ufetubi (D:9)
  7 oozes
  5 swamp drake simulacra (Swamp:4)
  An adder zombie (D:9)
  3 adder skeletons
  4 worms
  A dart slug (D:1)
  15 leopard geckos
  114 orcs
  5 bats
  5 giant cockroaches
  6 goblins
  6 hobgoblins
  18 jackals
  2 quokkas
  2 ball pythons
  7 frilled lizards
  23 kobolds
  A leopard gecko skeleton (D:6)
  A quokka simulacrum (D:9)
  11 rats
  A bush (Lair:4)
  3 fire vortices (Depths:4)
  3 plants (Lair:6)
2008 creatures vanquished.

Vanquished Creatures (collateral kills)
  Saint Roka (Vaults:4)
  A frost giant (Vaults:1)
  3 entropy weavers
  A deep elf annihilator (Vaults:1)
  2 deep elf death magi (Vaults:5)
  2 yaktaur captains (Vaults:1)
  2 ice dragons (Swamp:4)
  An ogre mage (Vaults:2)
  A two-headed ogre (Vaults:2)
  2 deep elf knights
  An ironbrand convoker (Vaults:1)
  4 lindwurms (Depths:5)
  3 deep elf magi
  A cyclops (Vaults:1)
  5 yaktaurs (Vaults:1)
  A troll (Vaults:4)
  A wind drake (Depths:5)
  3 redbacks (Spider:2)
  10 soldier ants (Spider:2)
  3 hydra simulacra (Swamp:4)
  4 orc warriors
  2 ogres
  2 orc priests (Vaults:4)
  6 worker ants (Spider:2)
  3 orcs (Vaults:4)
  A plant (Depths:5)
66 creatures vanquished.

Vanquished Creatures (others)
  An ice dragon (Vaults:3)
  A two-headed ogre (Volcano)
  A deep troll shaman (Depths:5)
  A swamp drake (Depths:5)
  An orc warrior (Vaults:4)
  An ogre (Vaults:5)
  A boggart (Depths:2)
  A centaur (Volcano)
  An orc (Orc:2)
  A fire vortex (Depths:4)
  11 fungi
  14 plants
35 creatures vanquished.

Grand Total: 2109 creatures vanquished

Notes
Turn   | Place    | Note
-------+----------+-------------------------------------------
     0 | D:1      | OTRawrior the Minotaur Berserker began the quest for the
                  | Orb.
     0 | D:1      | Reached XP level 1. HP: 19/19 MP: 0/0
   110 | D:1      | Reached XP level 2. HP: 22/26 MP: 1/1
   351 | D:1      | Reached skill level 5 in Maces & Flails
   390 | D:1      | Reached XP level 3. HP: 17/31 MP: 2/2
   691 | D:1      | Reached ** piety under Trog
  1157 | D:2      | Reached XP level 4. HP: 20/39 MP: 3/3
  1443 | D:2      | Found a radiant altar of Vehumet.
  1699 | D:2      | Found a shimmering blue altar of Sif Muna.
  1831 | D:2      | Reached XP level 5. HP: 45/45 MP: 4/4
  2180 | D:3      | Reached *** piety under Trog
  2670 | D:3      | Found a shimmering altar of Xom.
  2686 | D:3      | Reached XP level 6. HP: 36/51 MP: 5/5
  3008 | D:4      | Found a sacrificial altar of Ru.
  3091 | D:4      | Reached **** piety under Trog
  3780 | D:4      | Found a sparkling altar of Nemelex Xobeh.
  3780 | D:4      | Found a transporter.
  3780 | D:4      | Noticed a kobold demonologist
  3950 | D:5      | Entered Level 5 of the Dungeon
  3960 | D:5      | Reached XP level 7. HP: 57/57 MP: 6/6
  4132 | D:5      | Reached skill level 10 in Maces & Flails
  4599 | D:5      | Noticed Dowan
  4603 | D:5      | Noticed Duvessa
  4618 | D:5      | Killed Duvessa
  4627 | D:5      | Killed Dowan
  4627 | D:5      | Reached XP level 8. HP: 44/64 MP: 7/7
  5148 | D:6      | Found a staircase to the Ecumenical Temple.
  5279 | D:6      | Noticed Blork the orc
  5285 | D:6      | Killed Blork the orc
  5304 | D:6      | Reached skill level 4 in Fighting
  5372 | D:6      | Reached skill level 1 in Evocations
  5647 | D:7      | Noticed Joseph
  5670 | D:7      | Killed Joseph
  5670 | D:7      | Reached skill level 5 in Fighting
  5733 | D:7      | Reached XP level 9. HP: 64/74 MP: 9/9
  5799 | D:7      | Found an iron altar of Okawaru.
  5911 | D:7      | Reached ***** piety under Trog
  5925 | D:7      | Reached skill level 5 in Armour
  6250 | D:7      | Found a runed translucent door.
  6251 | D:7      | Noticed Crazy Yiuf
  6262 | D:7      | Killed Crazy Yiuf
  6262 | D:7      | Reached skill level 6 in Fighting
  6357 | D:7      | Reached skill level 5 in Dodging
  6840 | D:8      | Reached skill level 7 in Fighting
  7019 | D:8      | Found Celuacug's Book Boutique.
  7322 | D:8      | Received a gift from Trog
  8089 | D:9      | Noticed a troll
  8089 | D:9      | Noticed an elephant
  8168 | D:9      | Reached XP level 10. HP: 86/86 MP: 11/11
  8186 | D:9      | Found a basalt altar of Yredelemnul.
  8208 | D:9      | Killed an elephant
  8208 | D:9      | Reached skill level 8 in Fighting
  8636 | D:9      | Noticed a death yak
  8651 | D:9      | Killed a death yak
  8651 | D:9      | Reached skill level 9 in Fighting
  8825 | D:9      | Found a staircase to the Lair.
  8860 | D:9      | Found a snail-covered altar of Cheibriados.
  8878 | D:9      | Found an opulent altar of Gozag.
  9040 | D:10     | Entered Level 10 of the Dungeon
  9043 | D:10     | Noticed Erolcha
  9123 | D:10     | Killed Erolcha
  9123 | D:10     | Reached XP level 11. HP: 58/97 MP: 13/13
  9325 | D:10     | Noticed Fannar
  9346 | D:10     | Killed Fannar
  9634 | D:10     | Noticed a two-headed ogre
  9642 | D:10     | Killed a two-headed ogre
  9642 | D:10     | Reached skill level 10 in Fighting
  9720 | D:10     | Noticed Nergalle
  9742 | D:10     | Killed Nergalle
  9742 | D:10     | Reached skill level 10 in Armour
  9742 | D:10     | Reached skill level 5 in Evocations
 10279 | D:11     | Noticed a two-headed ogre
 10290 | D:11     | Killed a two-headed ogre
 10484 | D:11     | Noticed a six-headed hydra
 10500 | D:11     | Killed a six-headed hydra
 10836 | D:11     | Reached skill level 11 in Fighting
 10858 | D:11     | Reached skill level 10 in Dodging
 11112 | D:11     | Reached ****** piety under Trog
 11209 | D:11     | Found a runed translucent gate.
 11209 | D:11     | Found a runed translucent gate.
 11209 | D:11     | Found a runed translucent gate.
 11211 | D:11     | Noticed Blackmass's ghost (journeyman GrEE)
 11228 | D:11     | Killed Blackmass's ghost
 11228 | D:11     | Reached XP level 12. HP: 110/110 MP: 15/15
 11441 | D:12     | Found a hide-covered altar of Uskayaw.
 11578 | Lair:1   | Entered Level 1 of the Lair of Beasts
 11661 | Lair:1   | Received a gift from Trog
 11662 | Lair:1   | Got a fine morningstar {god gift}
 11663 | Lair:1   | Identified the +2 morningstar of Daptinaso {drain, +Fly rC+
                  | Str+3} (Trog gifted it to you on level 1 of the Lair of
                  | Beasts)
 11889 | Lair:1   | Noticed an eight-headed hydra
 11907 | Lair:1   | Killed an eight-headed hydra
 12143 | Lair:2   | Identified a scroll of acquirement
 12222 | Lair:2   | Found a frozen archway.
 12227 | IceCv    | Entered an ice cave
 12415 | IceCv    | Reached skill level 12 in Fighting
 12461 | IceCv    | Got a translucent hat
 12467 | IceCv    | Identified the +0 hat "Gitesicso" {*Drain MR+ Int+2 Dex+3}
                  | (You acquired it in an ice cave)
 12528 | IceCv    | Noticed an ice dragon
 12529 | IceCv    | Noticed an ice dragon
 12542 | IceCv    | Killed an ice dragon
 12553 | IceCv    | Killed an ice dragon
 12715 | IceCv    | Got a coiled pewter ring
 12731 | IceCv    | Identified the ring of Xom's Hope {*Contam rF+ MP+9 Int+9
                  | Stlth-} (You found it in an ice cave)
 13085 | Lair:2   | Reached skill level 1 in Shields
 13106 | Lair:2   | Found a staircase to the Swamp.
 14005 | Lair:3   | Noticed an eight-headed hydra
 14024 | Lair:3   | Killed an eight-headed hydra
 14263 | Lair:3   | Noticed Rupert
 14276 | Lair:3   | Killed Rupert
 14276 | Lair:3   | Reached XP level 13. HP: 119/119 MP: 15/17
 14394 | Lair:3   | Got a polished scale mail
 14511 | Lair:3   | Identified the +5 scale mail of Tulips {rF+ Str+3} (You
                  | found it on level 3 of the Lair of Beasts)
 14656 | Lair:3   | Found a hole to the Spider Nest.
 14976 | Lair:3   | Gained mutation: You are dopey. (Int -2) [potion of
                  | mutation]
 14976 | Lair:3   | Gained mutation: You are partially covered in thin metallic
                  | scales. (AC +2) [potion of mutation]
 14976 | Lair:3   | Gained mutation: Your spells are a little harder to cast,
                  | but a little more powerful. [potion of mutation]
 15001 | Lair:3   | Lost mutation: Your spells are a little harder to cast, but
                  | a little more powerful. [potion of mutation]
 15001 | Lair:3   | Lost mutation: You are dopey. (Int -2) [potion of mutation]
 15001 | Lair:3   | Gained mutation: You are partially covered in large bone
                  | plates. (SH +4) [potion of mutation]
 15001 | Lair:3   | Gained mutation: You possess an exceptional clarity of
                  | mind. [potion of mutation]
 15001 | Lair:3   | Gained mutation: You have a pair of large horns on your
                  | head. [potion of mutation]
 17066 | Lair:4   | Reached skill level 13 in Fighting
 17348 | Lair:5   | Reached skill level 5 in Shields
 17378 | Lair:5   | Found a staircase to the Slime Pits.
 17466 | Lair:5   | Found a transporter.
 17470 | Lair:5   | Found a transporter.
 17472 | Lair:5   | Noticed Nebesus's ghost (journeyman DrTm)
 17708 | Lair:5   | Killed Nebesus's ghost
 18054 | Lair:5   | Received a gift from Trog
 18310 | Lair:6   | Entered Level 6 of the Lair of Beasts
 18681 | Lair:6   | Reached XP level 14. HP: 113/129 MP: 18/18
 18941 | Lair:6   | Got a twitching granite ring
 18949 | Lair:6   | Identified the ring "Plog" {rC+ AC+3} (You found it on
                  | level 6 of the Lair of Beasts)
 20001 | D:12     | Found a staircase to the Orcish Mines.
 20005 | D:12     | Found a roughly hewn altar of Beogh.
 20698 | D:13     | Received a gift from Trog
 20828 | D:13     | Noticed Maurice
 20851 | D:13     | Killed Maurice
 21185 | D:13     | Reached skill level 14 in Fighting
 21315 | D:13     | Reached skill level 10 in Shields
 21660 | D:14     | Found a gate leading to a gauntlet.
 21690 | Gauntlet | Entered a Gauntlet
 21690 | Gauntlet | Found a transporter.
 21690 | Gauntlet | Found a transporter.
 21692 | Gauntlet | Found a transporter.
 21729 | Gauntlet | Found a transporter.
 21731 | Gauntlet | Found a transporter.
 21731 | Gauntlet | Found a transporter.
 21738 | Gauntlet | Got a heavily runed golden ring
 21739 | Gauntlet | Identified the ring "Efiaxif" {rF+ rC+} (You found it in a
                  | Gauntlet)
 21752 | Gauntlet | Reached XP level 15. HP: 127/138 MP: 20/20
 21797 | Gauntlet | Found a transporter.
 21798 | Gauntlet | Found a transporter.
 21798 | Gauntlet | Found a transporter.
 21799 | Gauntlet | Found a transporter.
 21804 | Gauntlet | Got a heavily runed hat
 21810 | Gauntlet | Found a runed translucent door.
 21813 | Gauntlet | Found a transporter.
 21837 | Gauntlet | Found a transporter.
 22020 | Gauntlet | Got an ichor-stained great mace
 22034 | D:14     | Noticed Agnes
 22046 | D:14     | Killed Agnes
 22302 | D:14     | Received a gift from Trog
 22558 | D:14     | Found a gate to the Vaults.
 22569 | D:14     | Paralysed by a wizard for 6 turns
 23152 | D:15     | Entered Level 15 of the Dungeon
 23152 | D:15     | Found Ysouffab's General Store.
 23160 | D:15     | Bought a potion of curing for 57 gold pieces
 23160 | D:15     | Bought a scroll of magic mapping for 66 gold pieces
 23289 | D:15     | Received a gift from Trog
 23304 | D:15     | Found a staircase to the Depths.
 23451 | D:15     | Found Ficuf's General Store.
 23830 | D:15     | Noticed Josephine
 23846 | D:15     | Killed Josephine
 23847 | D:15     | Found Luc Juel's Assorted Antiques.
 23857 | D:15     | Bought a polished plate armour for 896 gold pieces
 23857 | D:15     | Bought a scroll of blinking for 240 gold pieces
 23857 | D:15     | Bought a glowing cabochon ring for 160 gold pieces
 23857 | D:15     | Bought a scroll of enchant armour for 240 gold pieces
 23857 | D:15     | Bought a potion of curing for 96 gold pieces
 23867 | D:15     | Identified the +7 plate armour of the Lich-sworn {rElec
                  | MR++ Dex-4} (You bought it in a shop on level 15 of the
                  | Dungeon)
 23976 | D:15     | Received a gift from Trog
 23984 | D:15     | Found Itomne's Antique Armour Boutique.
 24183 | D:15     | Found Tiemo's Gadget Shoppe.
 24310 | D:15     | Reached skill level 15 in Fighting
 24554 | Orc:1    | Entered Level 1 of the Orcish Mines
 25070 | Orc:1    | Found Ran Fanu's General Store.
 25097 | Orc:1    | You fall into a shaft and drop 1 floor!
 25097 | Orc:2    | Entered Level 2 of the Orcish Mines
 25199 | Orc:2    | Reached skill level 15 in Armour
 25267 | Orc:2    | Found Notim's Armour Boutique.
 25267 | Orc:2    | Found Retob's General Store.
 25269 | Orc:2    | Found Atoyrgha's Gadget Emporium.
 25271 | Orc:2    | Found Lehuhofa's Antique Weapon Shop.
 25315 | Orc:2    | Received a gift from Trog
 25372 | Orc:2    | Found a dark tunnel.
 25383 | Volcano  | Entered a volcano
 25587 | Volcano  | Reached XP level 16. HP: 149/149 MP: 21/21
 25972 | Orc:2    | Found a staircase to the Elven Halls.
 26721 | Swamp:1  | Entered Level 1 of the Swamp
 26894 | Swamp:1  | Noticed Aizul
 26925 | Swamp:1  | Killed Aizul
 27539 | Swamp:2  | Noticed a thorn hunter
 27555 | Swamp:2  | Killed a thorn hunter
 27973 | Swamp:2  | Received a gift from Trog
 29430 | Swamp:4  | Entered Level 4 of the Swamp
 29875 | Swamp:4  | Received a gift from Trog
 30254 | Swamp:4  | Reached skill level 15 in Shields
 30353 | Swamp:4  | Reached skill level 16 in Fighting
 30478 | Swamp:4  | Got a decaying rune of Zot
 30683 | Spider:1 | Entered Level 1 of the Spider Nest
 30814 | Spider:1 | Noticed Frances
 30823 | Spider:1 | Killed Frances
 31396 | Spider:1 | Reached XP level 17. HP: 158/158 MP: 22/22
 32193 | Spider:2 | Found a runed translucent door.
 32200 | Spider:2 | Received a gift from Trog
 32207 | Spider:2 | Noticed Arnot's ghost (journeyman MiBe)
 32235 | Spider:2 | Killed Arnot's ghost
 32247 | Spider:2 | Identified the Almanac of Attacks
 32397 | Spider:2 | Reached skill level 15 in Dodging
 32838 | Spider:2 | Received a gift from Trog
 33568 | Spider:3 | Noticed Arachne
 33579 | Spider:3 | Killed Arachne
 33674 | Spider:3 | Noticed Bai Suzhen
 33691 | Spider:3 | Killed Bai Suzhen
 33756 | Spider:3 | Reached skill level 15 in Maces & Flails
 34057 | Spider:3 | Identified Roxanne's Tome of Clay
 34057 | Spider:3 | Noticed Roxanne
 34063 | Spider:4 | Entered Level 4 of the Spider Nest
 34082 | Spider:4 | Received a gift from Trog
 34347 | Spider:4 | Noticed Nikola
 34357 | Spider:4 | Killed Nikola
 34533 | Spider:4 | Received a gift from Trog
 34838 | Spider:4 | Received a gift from Trog
 35075 | Spider:4 | Reached XP level 18. HP: 144/168 MP: 0/23
 35081 | Spider:4 | Reached skill level 17 in Fighting
 35226 | Spider:4 | Got a gossamer rune of Zot
 36006 | Vaults:1 | Entered Level 1 of the Vaults
 36449 | Vaults:1 | Found the +7 Kryia's mail coat {PotionHeal*2 rC+}
 36499 | Vaults:1 | Received a gift from Trog
 38176 | Vaults:2 | Received a gift from Trog
 38717 | Vaults:2 | Received a gift from Trog
 38859 | Vaults:2 | Got a translucent cloak
 38870 | Vaults:2 | Identified the +0 cloak of Recklessness {Str+7} (You
                  | acquired it on level 2 of the Vaults)
 39411 | Vaults:2 | Reached XP level 19. HP: 127/177 MP: 8/24
 39681 | Vaults:2 | Noticed Mennas
 39872 | Vaults:2 | Killed Mennas
 40736 | Vaults:3 | Received a gift from Trog
 41268 | Vaults:3 | Reached skill level 18 in Fighting
 41731 | Vaults:3 | Received a gift from Trog
 41784 | Vaults:3 | Found Tyippo Cus's Weapon Shoppe.
 41886 | Vaults:3 | Found a staircase to the Crypt.
 41886 | Vaults:3 | Found a basalt altar of Yredelemnul.
 41887 | Vaults:3 | Found an ancient bone altar of Kikubaaqudgha.
 41903 | Crypt:1  | Entered Level 1 of the Crypt
 42395 | Vaults:4 | Found a stormy altar of Qazlal.
 42894 | Vaults:4 | Reached XP level 20. HP: 111/188 MP: 8/25
 43008 | Vaults:4 | Noticed Xtahua
 43034 | Vaults:4 | Killed Xtahua
 43704 | Vaults:4 | Got a steaming dire flail
 43957 | Vaults:4 | Received a gift from Trog
 44004 | Vaults:4 | Noticed Saint Roka
 44039 | Vaults:4 | Killed Saint Roka
 44869 | Vaults:5 | Entered Level 5 of the Vaults
 45740 | Vaults:4 | Received a gift from Trog
 46314 | Vaults:5 | Noticed an ancient lich
 46317 | Vaults:5 | Reached skill level 19 in Fighting
 46325 | Vaults:5 | Noticed an ancient lich
 46657 | Vaults:5 | Killed an ancient lich
 46657 | Vaults:5 | Reached XP level 21. HP: 198/198 MP: 8/26
 46685 | Vaults:4 | HP: 9/198 [titan/the air (4)]
 46774 | Vaults:4 | Killed an ancient lich
 47382 | Vaults:5 | Noticed a golden dragon
 47393 | Vaults:4 | Received a gift from Trog
 47724 | Vaults:4 | Killed a golden dragon
 47939 | Vaults:5 | Identified the ring of the Prince of Darkness {rF+ rC+ MR+}
 49462 | Vaults:5 | Received a gift from Trog
 50284 | Vaults:5 | Got a silver rune of Zot
 50292 | Vaults:5 | Found Ozyawk's Magic Scroll Emporium.
 50296 | Vaults:5 | Bought a scroll of blinking for 157 gold pieces
 50296 | Vaults:5 | Bought a scroll of enchant weapon for 157 gold pieces
 50311 | Vaults:5 | Found Furefog's Magic Scroll Boutique.
 50315 | Vaults:5 | Bought a scroll of enchant weapon for 135 gold pieces
 50315 | Vaults:5 | Bought a scroll of enchant armour for 135 gold pieces
 50334 | Vaults:5 | Found Cudor's Food Shop.
 50410 | Vaults:5 | Found Oqagugan's Weapon Shoppe.
 50541 | Vaults:5 | Got a clouded bone ring
 50543 | Vaults:5 | Identified the ring of Weuval {Str+4 SInv} (You found it on
                  | level 5 of the Vaults)
 50591 | Vaults:5 | Identified the +7 battleaxe "Atuahuy" {elec, +Fly}
 50601 | Vaults:5 | Reached skill level 20 in Fighting
 50637 | Vaults:5 | Identified Sif Muna's Reference Book on Ashen Conjuration
 50812 | Vaults:5 | Identified the Almanac of the Arsonist and the Voyage
 50816 | Vaults:5 | Got a sparkling pewter ring
 50818 | Vaults:5 | Identified the ring of False Hope {Ice Str+3} (You found it
                  | on level 5 of the Vaults)
 51164 | Depths:1 | Entered Level 1 of the Depths
 51259 | Depths:1 | Reached XP level 22. HP: 158/209 MP: 22/27
 51414 | Depths:1 | You fall into a shaft and drop 1 floor!
 51495 | Depths:2 | Received a gift from Trog
 51971 | Depths:1 | Found Seapp's Superlative Supplies.
 51972 | Depths:1 | Found a glowing silver altar of Zin.
 51982 | Depths:1 | Found a one-way gate leading to the halls of Pandemonium.
 52506 | Depths:1 | Found Ticwe's Antique Weapon Emporium.
 52662 | Depths:1 | Found a gateway to Hell.
 53370 | Depths:2 | Noticed a juggernaut
 53400 | Depths:2 | Killed a juggernaut
 53567 | Depths:2 | Reached skill level 21 in Fighting
 53879 | Depths:2 | Received a gift from Trog
 54540 | Depths:3 | Noticed Asterion
 54555 | Depths:3 | Killed Asterion
 54863 | Depths:3 | You fall into a shaft and drop 1 floor!
 54863 | Depths:4 | Found a one-way gate to the infinite horrors of the Abyss.
 55266 | Depths:4 | Found a gateway to a ziggurat.
 55820 | Depths:4 | Found a radiant altar of Vehumet.
 55820 | Depths:4 | Noticed Boris
 55838 | Depths:4 | Killed Boris
 56478 | Depths:4 | Received a gift from Trog
 56648 | Depths:4 | Reached skill level 22 in Fighting
 56728 | Depths:5 | Entered Level 5 of the Depths
 57313 | Depths:5 | Reached XP level 23. HP: 222/222 MP: 25/28
 59529 | Depths:5 | Received a gift from Trog
 59863 | Depths:5 | Found a gate to the Realm of Zot.
 60227 | Depths:5 | Reached skill level 23 in Fighting
 60349 | Zot:1    | Entered Level 1 of the Realm of Zot
 60967 | Zot:1    | Noticed a Killer Klown
 60980 | Zot:1    | Killed a Killer Klown
 61051 | Zot:1    | Noticed an orb of fire
 61054 | Zot:1    | Lost mutation: You possess an exceptional clarity of mind.
                  | [an orb of fire]
 61056 | Zot:1    | Gained mutation: You are agile. (Dex +2) [an orb of fire]
 61064 | Zot:1    | Gained mutation: You are frail. (-10% HP) [an orb of fire]
 61074 | Zot:1    | Killed an orb of fire
 62968 | Zot:2    | Reached XP level 24. HP: 168/212 MP: 23/28
 62977 | Zot:2    | Reached skill level 24 in Fighting
 63015 | Zot:2    | Received a gift from Trog
 63316 | Zot:2    | Found a transporter.
 63391 | Zot:2    | Found a transporter.
 63520 | Zot:3    | Got a pitted cloak
 63531 | Zot:3    | Identified the +2 cloak of Spring Thaw {Str+3} (You found
                  | it on level 3 of the Realm of Zot)
 64357 | Zot:3    | You fall into a shaft and drop 1 floor!
 65883 | Zot:5    | Entered Level 5 of the Realm of Zot
 66099 | Zot:5    | Reached skill level 25 in Fighting
 66759 | Zot:5    | Noticed an ancient lich
 66801 | Zot:5    | Killed an ancient lich
 66936 | Zot:5    | Noticed an ancient lich
 66953 | Zot:5    | Killed an ancient lich
 66954 | Zot:5    | Noticed an orb of fire
 66954 | Zot:5    | Noticed an orb of fire
 66965 | Zot:5    | Gained mutation: You are very frail. (-20% HP) [an orb of
                  | fire]
 66983 | Zot:5    | Slain by an Orb Guardian

Levels and vault maps discovered:
D:1:      matt_arrival_spirals, layout_basic
D:2:      minmay_general_purpose_star, layout_basic, overflow_temple_1_default,
          old_standard_altar, kennysheep_generic_room_9
D:3:      layout_loops_ring, overflow_temple_1_default
D:4:      minmay_inner_zag, layout_cave_pools, overflow_temple_1_default,
          first_ration, grunt_nemelex_the_gamble
D:5:      layout_basic, serial_bayou_pond_c, guppyfry_early_orc_mine,
          uniq_duvessa
D:6:      layout_basic, minmay_temple_entry_statues_pillars, uniq_blork_the_orc
D:7:      layout_basic, okawaru_gym_becter, uniq_crazy_yiuf_cottage, uniq_joseph
D:8:      layout_layer_cave, serial_shops, nicolae_shop_statue_plus,
          st_stairs_5, the_bakery
D:9:      layout_basic, grunt_temple_overflow_open, david_lair_generic,
          serial_ice, serial_ice_g, serial_ice_d, serial_ice_o, serial_ice_j,
          serial_ice_c, serial_ice_h, serial_ice_e, serial_ice_m, basic_altar
D:10:     layout_roguey, uniq_fannar, uniq_nergalle, uniq_erolcha
D:11:     layout_small_grid, ebering_ghost_rock_garden
D:12:     minmay_s_stair_smasher, layout_loops_ring,
          minmay_orc_entry_temple_small, basic_altar, corexii_corridor_pit
D:13:     minmay_the_grid_four_pointed_star
          [minmay_the_grid_triangle_9x9_odd_lines,
          minmay_the_grid_triangle_9x9_sparse_checkered,
          minmay_the_grid_triangle_9x9_from_above,
          minmay_the_grid_triangle_9x9_zippers_vertical,
          minmay_the_grid_prize_four_corners], layout_rooms, uniq_maurice
D:14:     layout_loops_ring, grunt_vaults_entry_tiered, gauntlet_entry_generic,
          nrook_campfire, kennysheep_cluttered_room, grunt_decor_resistance,
          minmay_statue_bubble, uniq_agnes
D:15:     hangedman_depths_entry_civil_slaughter, layout_basic,
          palyth_stone_intersect, serial_shops, nicolae_shop_behind_doors, shop,
          shop, nicolae_shop_overgrown_old_shop,
          nicolae_shop_competitors_out_of_business, uniq_josephine
Lair:1:   layout_hall_layers, columned_hall_lemuel
Lair:2:   layout_roguey, swamp_mist, portal_ice_cave_entry_pillars_2,
          grunt_megastairs_2
Lair:3:   layout_hall_layers, spider_nest_entry_funnel_web, ldierk_geyser,
          uniq_rupert
Lair:4:   layout_misc_corridors, st_stairs_6, minmay_hedge_maze,
          infiniplex_staircase_pool_2
Lair:5:   layout_concentric_octagons, nicolae_slime_entry_slimehenge,
          gammafunk_ghost_arena, st_stairs_10, beast_lair_carwin_2
Lair:6:   due_jungle_book, layout_cave_shapes, lemuel_fruit_tree
Swamp:1:  layout_basic_swamp, hangedman_swamp_blocks, uniq_aizul
Swamp:2:  layout_basic_swamp, hangedman_swamp_ruin_wall
Swamp:3:  layout_falls_marsh, evilmike_swamp_ruin_rubble_1
Swamp:4:  swamp_icy, layout_basic_swamp
Spider:1: layout_spider_delve, nicolae_spider_webs_and_nodes, uniq_frances
Spider:2: layout_chambers, ebering_ghost_inner_flame, zaba_anthell
Spider:3: layout_spider_delve, uniq_arachne, uniq_bai_suzhen, uniq_roxanne
Spider:4: spider_rune_water, drop_trap, uniq_nikola
Orc:1:    cheibrodos_orc_arena, layout_caves, serial_shops, shop
Orc:2:    st_orc_rangers, layout_caves, nicolae_volcano_entry_two_sided
Vaults:1: nicolae_vaults_rhombus_6, nicolae_vaults_hallways_thing, v_misc_10,
          nicolae_vaults_fighting_squares, v_alt_pattern_4, vaults_mumra_hex,
          vaults_dpeg_diagonal, hangedman_vaults_slice, layout_vaults_ring
Vaults:2: nicolae_vaults_puzzle_piece, v_misc_28,
          nicolae_vaults_little_squares_6, nicolae_vaults_network_s,
          nicolae_vaults_little_squares_5, grunt_vaults_focal,
          ontoclasm_vaults_pinch, nicolae_vaults_three_branches,
          layout_vaults_omnicross, uniq_mennas
Vaults:3: nicolae_vaults_little_squares_2, minmay_crypt_entry_necro_gods,
          ontoclasm_vaults_decontamination, hangedman_vaults_stretched_pinwheel,
          vaults_room_door_hall, nicolae_vaults_little_squares_4,
          ontoclasm_vaults_ring_small, hangedman_vaults_impose,
          nicolae_vaults_network_star, v_pattern_1, layout_vaults_big_room,
          serial_shops, shop
Vaults:4: nicolae_vaults_know_your_exits, ontoclasm_vaults_claustrophobia,
          ontoclasm_vaults_twist, dpeg_vaults_monster_box,
          vaults_room_fancy_cross, nicolae_vaults_little_ls,
          nicolae_vaults_arrows, v_rooms_1, grunt_vaults_funnel, v_misc_1,
          v_misc_30, nicolae_vaults_bisected_inception,
          nicolae_vaults_little_squares_1, layout_vaults_maze_bifur,
          basic_altar, uniq_saint_roka, uniq_xtahua
Vaults:5: serial_shops
Crypt:1:  layout_gridlike, basic_altar, grunt_megastairs_3, uniq_sojobo
Depths:1: layout_forbidden_donut, minmay_misc_feat_cross,
          grunt_hell_entry_dis_grunt, serial_column_ruins,
          column_ruins_temple_hut, column_ruins_hut,
          column_ruins_corridor_straight, column_ruins_open_large,
          column_ruins_grid_4, column_ruins_grid_3,
          column_ruins_corridor_corner, column_ruins_open_small, pan_entry,
          serial_shops, nicolae_shop_statue_plus, minivault_14,
          nicolae_alphabet_shops, drop_trap, hangedman_stitches_earthworm
Depths:2: evilmike_pillar_path, layout_small_grid, nicolae_two_hexagons,
          hell_entry, infiniplex_staircase_spiral_double
Depths:3: minmay_guarded_unrand_sceptre_of_torment, layout_gridlike,
          lightli_too_deep, bh_walls_and_bars, rand_demon_pan_entry_5,
          serial_sigils_hangedman_quiver, minmay_shoptagon, uniq_asterion
Depths:4: evilmike_halls_of_destruction, layout_basic, enter_ziggurat_b,
          abyss_entry, hell_entry, serial_co_window_serial, co_window_corner_a,
          co_window_corner_a, co_window_paths_a, co_window_of_opportunity_a,
          co_window_corner_a, co_window_corner_b, co_window_broadway_a,
          co_window_of_opportunity_b, co_window_corner_b, co_window_corner_b,
          co_window_paths_c, glass_columns_a, glass_columns_a, glass_columns_c,
          glass_columns_a, hangedman_abyss_or_decor_slice
Depths:5: lemuel_castle_with_subvaults [lemuel_castle_interior_carwin_1],
          layout_basic, serial_bayou_pond_e, hangedman_abyss_entry_splay,
          hangedman_tar_grid_catacomb, grunt_ministairs_2, serial_bayou_shore_a
Zot:1:    hangedman_zot_vaults_quadrants, layout_concentric_octagons
Zot:2:    gammafunk_sealed_arena, layout_basic
Zot:3:    layout_concentric_octagons
Zot:4:    layout_gridlike
Zot:5:    layout_twisted_circle, grunt_megastairs_4

Skill      XL: |  1  2  3  4  5  6  7  8  9 10 11 12 13 14 15 16 17 18 19 20 21 22 23 24 |
---------------+-------------------------------------------------------------------------+-----
Maces & Flails | 4 5 6 8 9 11 12 13 14 15 17 18 19 | 19.0
Fighting       | 5 7 9 11 12 13 14 15 16 17 18 19 20 22 23 25 | 25.5
Armour         | 4 7 9 11 12 13 14 15 16 17 18 19 20 21 22 | 22.8
Dodging        | 4 6 8 10 11 12 13 14 15 16 17 18 19 20 21 | 21.3
Evocations     | 1 3 4 5 6 7 8 |  8.4
Shields        | 3 7 10 13 15 17 18 19 20 22 | 22.0

Action                   |  1- 3 |  4- 6 |  7- 9 | 10-12 | 13-15 | 16-18 | 19-21 | 22-24 || total
-------------------------+-------+-------+-------+-------+-------+-------+-------+-------++-------
Melee: Mace              |    76 |       |       |    33 |     7 |       |       |       ||   116
       Headbutt          |    14 |    33 |    91 |   209 |   376 |   550 |   593 |   487 ||  2353
       Morningstar       |     6 |   186 |    10 |   188 |  1379 |  1026 |       |       ||  2795
       Whip              |       |       |   343 |   445 |       |       |       |       ||   788
       Eveningstar       |       |       |       |       |       |   629 |   379 |  1547 ||  2555
       Demon whip        |       |       |       |       |       |   637 |  1835 |   180 ||  2652
Invok: Trog's Hand       |       |     1 |       |       |       |     1 |     2 |     3 ||     7
       Berserk           |       |     1 |     4 |    16 |     9 |     6 |    17 |    12 ||    65
       Brothers in Arms  |       |       |       |       |       |     5 |    14 |     2 ||    21
 Abil: Evoke Flight      |       |       |       |     2 |       |       |       |       ||     2
Evoke: Wand              |       |       |       |       |     1 |       |     1 |     3 ||     5
  Use: Scroll            |       |     1 |     5 |    18 |    21 |     2 |    13 |    11 ||    71
       Potion            |       |       |       |     1 |    14 |       |    16 |     4 ||    35
 Stab: Sleeping          |     1 |       |       |       |       |       |       |       ||     1
       Invisible         |       |       |     2 |       |       |       |       |       ||     2
       Paralysed         |       |       |       |       |       |     1 |       |       ||     1
       Distracted        |       |       |       |       |       |     2 |     3 |     1 ||     6
       Confused          |       |       |       |       |       |       |       |     3 ||     3
  Eat: Chunk             |     1 |     9 |    16 |    29 |    34 |    31 |    35 |    37 ||   192
       Ration            |       |       |       |     2 |     4 |     7 |     8 |     7 ||    28
Armor: Animal skin       |    18 |       |       |       |       |       |       |       ||    18
       Ring mail         |       |    13 |       |       |       |       |       |       ||    13
       Chain mail        |       |    72 |    46 |       |       |       |       |       ||   118
       Plate armour      |       |       |   109 |   260 |   453 |   754 |   690 |   813 ||  3079
       Ice dragon scales |       |       |       |    31 |     9 |       |       |       ||    40
       Scale mail        |       |       |       |       |       |     5 |       |       ||     5
Dodge: Dodged            |    48 |    81 |   117 |   237 |   515 |   697 |   681 |   818 ||  3194
Block: Shield            |       |       |       |   216 |  1324 |  2096 |  1957 |   376 ||  5969
       Buckler           |       |       |       |       |       |       |    32 |   863 ||   895
